 Dungeon Crawl Stone Soup version 0.30.1 (webtiles) character file.

Game seed: 7814072475933650905

592 hawla the Firebug (level 7, -1/50 HPs)
             Began as a Meteoran Fire Elementalist on July 9, 2023.
             Was an Initiate of Vehumet.
             Slain by a sleepcap (7 damage)
             ... on level 5 of the Dungeon.
             The game lasted 00:05:49 (842 turns).

hawla the Firebug (Meteoran Fire Elementalist)       Turns: 842, Time: 00:05:49

Health: -1/50      AC:  3    Str:  9    XL:     7   Next: 99%
Magic:  8/15       EV: 13    Int: 19    God:    Vehumet [......]
Gold:   71         SH:  0    Dex: 15    Spells: 8/15 levels left

rFire   + . .        e - staff of poison
rCold   + . .        (no shield)
rNeg    . . .        d - +1 robe {Will+}
rPois   +            (no helmet)
rElec   +            (no cloak)
rCorr   +            (no gloves)
SInv    .            (no boots)
Will    +....        (no amulet)
Stlth   +            (no ring)
HPRegen 0.28/turn    (no ring)
MPRegen 0.14/turn

%: no passive effects
@: resistant, glowing
A: sense surroundings 1, otherworldly, glowing, explore regen
a: Renounce Religion


You were on level 5 of the Dungeon.
You worshipped Vehumet.
Vehumet was noncommittal.
You visited 2 branches of the dungeon, and saw 6 of its levels.

You collected 71 gold pieces.

Inventory:

Hand Weapons
 f - a +0 flail
Armour
 d - a +1 robe of willpower (worn)
Magical Staves
 e - a staff of poison (weapon)
Wands
 h - a wand of iceblast (9)
Scrolls
 a - a scroll of teleportation {unknown}
Potions
 b - a potion of magic
 c - 3 potions of curing


   Skills:
 - Level 0.2 Fighting
 - Level 3.5 Dodging
 - Level 1.4 Stealth
 - Level 4.7 Spellcasting
 - Level 6.1 Conjurations
 - Level 6.1 Fire Magic
 + Level 0.5 Evocations


You had 8 spell levels left.
You knew the following spells:

 Your Spells              Type           Power      Damage    Failure   Level
a - Foxfire               Conj/Fire      100%       2x1d9     1%          1
b - Scorch                Fire           54%        2d7       1%          2
c - Flame Wave            Conj/Fire      27%        2d9       11%         4

Your spell library contained the following spells:

 Spells                   Type           Power      Damage    Failure   Level
 Inner Flame              Hex/Fire       16%        N/A       11%         3
 Volatile Blastmotes      Fire/Tloc      32%        2d12      11%         3


Dungeon Overview and Level Annotations

Branches:
Dungeon (5/15) Zot: 2353   Temple (1/1) D:4 Zot: 395

Altars:
Ashenzari
Cheibriados
Dithmenos
Elyvilon
Fedhas
Kikubaaqudgha
Makhleb
Nemelex Xobeh
Okawaru
Qazlal
Sif Muna
Trog
Uskayaw
Vehumet
Wu Jian
Yredelemnul
The Shining One


Innate Abilities, Weirdness & Mutations

You passively map a small area around you.
You are easily found by Zot.
You glow in the dark.
You regain HP and MP as you explore.


Message History

A wave of flame ripples out!
The flame wave engulfs the sleepcap!
The sleepcap is severely damaged.
The flame wave engulfs the orc priest.
The orc priest is moderately wounded.
The flame wave engulfs the orc priest.
The orc priest is heavily wounded. (Press . to intensify the flame waves.)
You hear a shout!
The sleepcap releases spores at you.
You are engulfed in a cloud of soporific spores!
You fall asleep.
The orc priest hits you with a +0 hand axe!
You wake up.
The orc priest closely misses you. The sleepcap releases spores at you!
The orc priest calls upon Beogh to heal the orc priest.
The orc priest is healed somewhat.
The orc priest closely misses you.
Unknown command.
Unknown command.
The sleepcap barely misses you.
The orc priest hits you with a +0 hand axe.
* * * LOW HITPOINT WARNING * * *
The orc priest hits you with a +0 hand axe.
* * * LOW HITPOINT WARNING * * *
The ogre misses you.
The orc priest hits you with a +0 hand axe.
* * * LOW HITPOINT WARNING * * *
Okay, then.
It was a potion of curing.
You feel better. The sleepcap releases spores at you.
* * * LOW HITPOINT WARNING * * *
You are engulfed in a cloud of soporific spores!
You are unaffected.
The orc priest hits you with a +0 hand axe.
* * * LOW HITPOINT WARNING * * *
The orc priest misses you.
The orc priest begins to cast a cantrip, but forgets the words!
It was a potion of resistance.
You feel protected. The ogre barely misses you.
The sleepcap releases spores at you!
You die...

* #.# .#. * * ,, ..#
...* , , ,,#.# *#.# *#.#
#.# **# *#.# #.# , * #.
#.####.##### *
#.###'##..).......#
#.....f...###.###.#
##...O@#.# #.###.##
#....ooo.# #......# *
#.........####.....#####
,
+.........'.............
#.........####.....#####
##..................#
##.....#######.#...#
##...## #.#.#.# #+
##...##


You could see an ogre, a sleepcap and 3 orc priests.

Vanquished Creatures
  A water moccasin (D:5)
  A black bear (D:4)
  2 ice beasts (D:4)
  A centaur (D:4)
  2 hounds
  4 gnolls (D:4)
  An adder (D:2)
  An ufetubus (D:4)
  A dart slug (D:4)
  6 orcs
  3 giant cockroaches
  3 goblins (D:1)
  2 kobolds (D:4)
  A quokka (D:4)
  3 ball pythons
  2 rats
34 creatures vanquished.

Vanquished Creatures (others)
  95 foxfires
95 creatures vanquished.

Grand Total: 129 creatures vanquished

Notes
Turn   | Place    | Note
-------+----------+-------------------------------------------
     0 | D:1      | hawla the Meteoran Fire Elementalist began the quest for
                  | the Orb.
     0 | D:1      | Reached XP level 1. HP: 14/14 MP: 5/5
     6 | D:1      | Noticed a servant of whispers
     6 | D:1      | Noticed a tyrant leech
     6 | D:1      | Noticed a komodo dragon
     7 | D:1      | Noticed a stone giant
     7 | D:1      | Noticed a hell rat
    34 | D:1      | Reached XP level 2. HP: 20/20 MP: 1/6
    81 | D:2      | You fall into a shaft and drop 1 floor!
    85 | D:3      | Found a sparkling altar of Nemelex Xobeh.
    85 | D:3      | Found a glowing golden altar of the Shining One.
    86 | D:3      | Found a shadowy altar of Dithmenos.
    86 | D:3      | Found a shimmering blue altar of Sif Muna.
   106 | D:3      | Reached XP level 3. HP: 26/26 MP: 6/8
   109 | D:3      | Learned a level 2 spell: Scorch
   126 | D:4      | Noticed a black bear
   132 | D:4      | Killed a black bear
   133 | D:4      | Reached skill level 5 in Fire Magic
   133 | D:4      | Reached XP level 4. HP: 33/33 MP: 0/10
   133 | D:4      | Reached XP level 5. HP: 38/38 MP: 0/11
   177 | D:4      | Noticed an ice beast
   183 | D:4      | Killed an ice beast
   184 | D:4      | Reached XP level 6. HP: 45/45 MP: 3/13
   251 | D:4      | Learned a level 4 spell: Flame Wave
   254 | D:4      | Noticed a centaur
   258 | D:4      | Killed a centaur
   259 | D:4      | Reached XP level 7. HP: 42/50 MP: 10/15
   357 | D:4      | Reached skill level 5 in Conjurations
   384 | D:4      | Found a staircase to the Ecumenical Temple.
   390 | Temple   | Entered the Ecumenical Temple
   575 | Temple   | Became a worshipper of Vehumet
   622 | D:5      | Entered Level 5 of the Dungeon
   825 | D:5      | Noticed a water moccasin
   829 | D:5      | Killed a water moccasin
   842 | D:5      | Slain by a sleepcap

Illustrated notes

Levels and vault maps discovered:
D:1:      onia_arrival_zoo_common, layout_basic
D:2:      layout_basic, feat_on_display
D:3:      layout_loops_cross, mainiacjoe_overflow_alcove_1,
          chequers_temple_overflow_statue_of_worship,
          shapermc_ecumenical_altar_acropolis, uniq_ijyb, uniq_terence
D:4:      layout_cave_pools, minmay_temple_entry_fiery, uniq_grinder
D:5:      layout_loops_corners, kennysheep_mini,
          nicolae_hepliaklqana_monster_ancestors
Temple:   nicolae_temple_bog_church

Skill      XL: |  1  2  3  4  5  6  7 |
---------------+----------------------+-----
Spellcasting   | 3 4 |  4.7
Fire Magic     | 4 5 6 |  6.1
Dodging        | 3 |  3.5
Conjurations   | 2 3 6 |  6.1
Fighting       | |  0.2
Stealth        | |  1.4
Evocations     | |  0.5

Action                     |  1- 3 |  4- 6 |  7- 9 || total
---------------------------+-------+-------+-------++-------
  Melee: Unarmed           |     5 |       |       ||     5
   Cast: Foxfire           |    17 |    20 |    17 ||    54
         Scorch            |     2 |     6 |     7 ||    15
         Flame Wave        |       |       |     1 ||     1
    Use: Scroll            |     1 |       |       ||     1
         Potion            |       |       |     2 ||     2
 Armour: Robe              |     8 |     1 |       ||     9
  Dodge: Dodged            |    11 |     1 |     6 ||    18
